 Dungeon Crawl Stone Soup version 0.30.1-9-gdf580d7c3d (webtiles) character file.

Game seed: 13439234774941652355

439 monsoonserge the Chopper (level 7, -1/61 HPs)
             Began as a Hill Orc Fighter on Sept 26, 2023.
             Slain by an iguana (9 damage)
             ... on level 4 of the Dungeon.
             The game lasted 00:08:18 (3095 turns).

monsoonserge the Chopper (Hill Orc Fighter)         Turns: 3095, Time: 00:08:18

Health: -1/61      AC: 11    Str: 21    XL:     7   Next: 1%
Magic:  7/7        EV: 10    Int:  8    God:
Gold:   62         SH:  5    Dex: 14    Spells: 6/6 levels left

rFire   . . .        a - +0 war axe
rCold   . . .        c - +0 buckler
rNeg    . . .        m - +3 ring mail
rPois   .            (no helmet)
rElec   .            u - +0 cloak
rCorr   .            b - +0 pair of gloves
SInv    .            (no boots)
Will    .....        p - amulet of Kemomp {RegenMP Regen+ Dex+4}
Stlth   +            (no ring)
HPRegen 1.10/turn    (no ring)
MPRegen 0.50/turn

%: no passive effects
@: no status effects
A: no striking features
a: no special abilities


You were on level 4 of the Dungeon.
You visited 1 branch of the dungeon, and saw 4 of its levels.

You collected 183 gold pieces.
You spent 121 gold pieces at shops.

Inventory:

Hand Weapons
 a - a +0 war axe (weapon)
Missiles
 f - a throwing net (quivered)
 l - 9 boomerangs
 x - 5 stones
Armour
 b - a +0 pair of gloves (worn)
 c - a +0 buckler (worn)
 m - a +3 ring mail (worn)
 o - a +0 robe
 u - a +0 cloak (worn)
Jewellery
 p - the amulet of Kemomp (around neck) {RegenMP Regen+ Dex+4}
   (You found it on level 3 of the Dungeon)

   [amulet of magic regeneration]

   It increases your rate of magic regeneration.
   Dex:       It affects your dexterity (+4).
   Regen:     It increases your rate of health regeneration.
Scrolls
 j - 4 scrolls of teleportation
 q - a scroll of immolation
 s - a scroll of enchant armour
 w - a scroll of fog {unknown}
Potions
 d - a potion of might
 e - 4 potions of curing
 g - 2 potions of haste {unknown}
 h - a potion of invisibility {unknown}
 i - a potion of mutation {unknown}
 n - 2 potions of lignification
 r - a potion of flight {unknown}
 t - 2 potions of attraction {unknown}


   Skills:
 + Level 5.0 Fighting
 + Level 6.5 Axes
 + Level 4.9 Armour
 + Level 1.2 Dodging
 + Level 0.4 Stealth
 - Level 4.0 Shields


You had 6 spell levels left.
You didn't know any spells.
Your spell library contained the following spells:

 Spells                   Type           Power      Damage    Failure   Level
 Magic Dart               Conj           0%         1d3       63%         1
 Summon Small Mammal      Summ           0%         N/A       63%         1
 Searing Ray              Conj           0%         2d4       77%         2
 Sublimation of Blood     Necr           0%         N/A       77%         2
 Call Canine Familiar     Summ           0%         N/A       94%         3
 Summon Guardian Golem    Hex/Summ       0%         N/A       94%         3
 Fulminant Prism          Conj/Hex       0%         3d5       100%        4
 Petrify                  Tmut/Erth      0%         N/A       100%        4
 Irradiate                Conj/Tmut      0%         3d11      100%        5


Dungeon Overview and Level Annotations

Branches:
Dungeon (4/15)
 Temple: D:4-7

Altars:
Dithmenos
Sif Muna
Trog

Shops:
D:2 !:


Message History

Menkaure hits you!
* * * LOW HITPOINT WARNING * * *
Unknown command.
You feel much better.
Menkaure giggles, "These cerements are ticklish..."
Menkaure completely misses you.
Okay, then.
You hit Menkaure.
Menkaure is moderately damaged.
You hit the kobold. Menkaure hits you but does no damage.
The kobold hits you but does no damage. Menkaure hits you!!
* * * LOW HITPOINT WARNING * * *
The kobold barely misses you.
Unknown command.
You hit Menkaure but do no damage.
Menkaure is moderately damaged.
You closely miss the kobold. Menkaure closely misses you.
The kobold barely misses you.
You barely miss Menkaure.
Menkaure is moderately damaged.
You hit the kobold.
You kill the kobold!
Menkaure misses you.
You slash Menkaure!
Menkaure is heavily damaged.
You barely miss the iguana. Menkaure closely misses you.
The iguana completely misses you. Menkaure hits you but does no damage.
You barely miss Menkaure.
Menkaure is heavily damaged.
You closely miss the iguana.
The iguana bites you but does no damage.
Menkaure hits you but does no damage. The iguana bites you.
* * * LOW HITPOINT WARNING * * *
Menkaure misses you.
You slash Menkaure!
You destroy Menkaure!
You hit the iguana.
The iguana hisses menacingly.
The iguana bites you!
You die...

....# ..... #.... #....#
#### #.. #.# ..#### ##.#
......##########..######
##.###Jl@........M.5...5.
#......o#######...#######
...###.5.o..##..###
######.Ml5## ###..# #...#
#.#o.. ....... ...##.###


You could see an iguana, a white imp, an orc and an endoplasm.

Vanquished Creatures
  Sigmund (D:3)
  Menkaure (D:4)
  2 howler monkeys
  Crazy Yiuf (D:3)
  An orc priest (D:3)
  Jessica (D:3)
  2 orc wizards (D:3)
  An adder (D:3)
  2 dart slugs (D:3)
  7 orcs
  2 bats (D:1)
  6 endoplasms
  3 giant cockroaches
  6 goblins
  2 hobgoblins
  9 kobolds
  3 quokkas
  8 ball pythons
  2 frilled lizards (D:2)
  4 rats
64 creatures vanquished.

Notes
Turn   | Place    | Note
-------+----------+-------------------------------------------
     0 | D:1      | monsoonserge the Hill Orc Fighter began the quest for the
                  | Orb.
     0 | D:1      | Reached XP level 1. HP: 19/19 MP: 1/1
   258 | D:1      | Reached XP level 2. HP: 17/27 MP: 2/2
   439 | D:1      | Reached skill level 3 in Axes
   921 | D:2      | Reached XP level 3. HP: 33/33 MP: 3/3
  1220 | D:2      | Found Bawo's Book Shop.
  1506 | D:2      | Found Riwecu's Distillery.
  1514 | D:2      | Bought a potion of curing for 33 gold pieces
  1687 | D:3      | Noticed Sigmund
  1734 | D:2      | Bought a potion of lignification for 33 gold pieces
  1846 | D:3      | Reached XP level 4. HP: 9/40 MP: 4/4
  1855 | D:3      | Reached skill level 4 in Axes
  2062 | D:3      | Found a bloodstained altar of Trog.
  2075 | D:3      | Identified the amulet of Kemomp {RegenMP Regen+ Dex+4}
  2133 | D:3      | Found a shimmering blue altar of Sif Muna.
  2152 | D:3      | Found a shadowy altar of Dithmenos.
  2225 | D:3      | Reached XP level 5. HP: 47/47 MP: 5/5
  2373 | D:3      | Noticed Jessica
  2383 | D:3      | Killed Jessica
  2384 | D:3      | Reached skill level 5 in Axes
  2444 | D:3      | Found a runed translucent door.
  2445 | D:3      | Noticed Crazy Yiuf
  2458 | D:3      | Killed Crazy Yiuf
  2576 | D:3      | Reached XP level 6. HP: 52/53 MP: 6/6
  2613 | D:3      | Killed Sigmund
  2614 | D:3      | Reached skill level 6 in Axes
  2614 | D:3      | Reached skill level 1 in Dodging
  2643 | D:3      | Found a faded altar of an unknown god.
  2966 | D:2      | Bought a potion of heal wounds for 55 gold pieces
  3057 | D:4      | Reached skill level 5 in Fighting
  3057 | D:4      | Reached XP level 7. HP: 61/61 MP: 7/7
  3057 | D:4      | Noticed Menkaure
  3088 | D:4      | HP: 2/61 [Menkaure (15)]
  3095 | D:4      | Killed Menkaure
  3095 | D:4      | Slain by an iguana

Illustrated notes

Levels and vault maps discovered:
D:1:      minmay_arrival_semitransparent, layout_basic
D:2:      layout_loops_ring, serial_shops, shop, shop, fountainhead,
          minmay_hedge_maze
D:3:      layout_loops_corners, amcnicky_altar_gilded,
          mainiacjoe_overflow_big_doors, shapermc_ecumenical_altar_totnotflames,
          uniq_jessica, uniq_crazy_yiuf_cottage, uniq_sigmund
D:4:      layout_rooms, temple_statues, uniq_menkaure

Skill      XL: |  1  2  3  4  5  6 |
---------------+-------------------+-----
Axes           | 3 4 5 6 |  6.5
Fighting       | 4 5 |  5.0
Armour         | 4 |  4.9
Dodging        | 1 |  1.2
Shields        | 4 |  4.0
Stealth        | |  0.4

Action                     |  1- 3 |  4- 6 |  7- 9 || total
---------------------------+-------+-------+-------++-------
  Melee: War axe           |    78 |    97 |     8 ||   183
    Use: Potion            |       |     1 |     1 ||     2
         Scroll            |       |     3 |       ||     3
 Armour: Scale mail        |    16 |       |       ||    16
         Ring mail         |    12 |    34 |     5 ||    51
  Dodge: Dodged            |    31 |    37 |     9 ||    77
  Block: Buckler           |    14 |    19 |     1 ||    34
